 Dungeon Crawl Stone Soup version 0.29.0-4-gdea44cf6ec (webtiles) character file.

Game seed: 15412919501122322076

16092 Zeldest the Cleaver (level 12, -5/68 HPs)
             Began as a Formicid Fighter on Aug 27, 2022.
             Killed from afar by a wretched star (14 damage)
             ... with a lance of force
             ... on level 3 of the Abyss.
             The game lasted 00:20:47 (11106 turns).

Zeldest the Cleaver (Formicid Fighter)             Turns: 11106, Time: 00:20:47

Health: -5/68      AC: 15    Str: 21 (22) XL:     12   Next: 65%
Magic:  8/8        EV:  5    Int:  2 (4)  God:
Gold:   457        SH: 15    Dex:  8 (9)  Spells: 11/11 levels left

rFire   + . .      SeeInvis +   z - +0 broad axe
rCold   . . .      Faith    .   s - +0 tower shield
rNeg    . . .      Spirit   .   v - +0 plate armour
rPois   .          Reflect  .   (helmet unavailable)
rElec   .          Harm     .   (no cloak)
rCorr   .          Rampage  .   S - +0 pair of gloves
Will    +....                   (no boots)
Stlth   ..........              A - amulet of regeneration
HPRegen 1.01/turn               r - +4 ring of protection
MPRegen 0.11/turn               E - ring of protection from fire

@: unable to read, unable to drink
A: permanent stasis, dig shafts and tunnels, antennae 3, four strong arms,
[clumsy 2], [deformed body], [deterioration 2], [dopey 2], [frail 3], [low MP
3], [weak 2], [no potion heal 2], [subdued magic 3], [inability to drink after
injury 2], [inability to read after injury 2]
a: Dig, Shaft Self


You were on level 3 of the Abyss.
You visited 1 branch of the dungeon, and saw 11 of its levels.
You visited the Abyss 1 time.
You also visited: Ossuary.

You collected 457 gold pieces.

Inventory:

Hand Weapons
 z - a +0 broad axe (weapon)
 C - the +7 staff of the Meek {protect, meekguard}
   (You took it off a gnoll on level 5 of the Dungeon)

   It grants its wielder temporary protection when it strikes (+7 to AC).
   It provides extra protection to wielders with little health.
 G - a +0 battleaxe
 K - the +8 rapier of Uliogof {antimagic, rN+ Str+2}
   (You found it on level 8 of the Dungeon)

   It reduces the magical energy of the wielder, and disrupts the spells and
   magical abilities of those it strikes.
   Natural abilities and divine invocations are not affected.
   Str:       It affects your strength (+2).
   rN:        It protects you from negative energy.
Missiles
 V - 10 curare-tipped darts (quivered)
Armour
 s - a +0 tower shield (worn)
 v - a +0 plate armour (worn)
 S - a +0 pair of gloves (worn)
Jewellery
 i - a +6 ring of strength
 r - a +4 ring of protection (left hand)
 w - a ring of resist corrosion
 A - an amulet of regeneration (around neck)
 E - a ring of protection from fire (right hand)
 I - a +6 ring of intelligence
 T - a ring of protection from cold
 U - a ring of ice
Wands
 b - a wand of quicksilver (1)
 D - a wand of iceblast (10)
 Q - a wand of paralysis (9)
 R - a wand of digging (7)
Scrolls
 c - 2 scrolls of poison {unknown}
 e - 2 scrolls of amnesia {unknown}
 g - 4 scrolls of magic mapping {unknown}
 h - 5 scrolls of fog {unknown}
 k - 4 scrolls of blinking {unknown}
 l - 2 scrolls of vulnerability {unknown}
 n - 2 scrolls of immolation {unknown}
 q - 4 scrolls of identify
 t - a scroll of enchant weapon {unknown}
 y - 9 scrolls of noise
 B - a scroll of silence {unknown}
 H - a scroll of summoning {unknown}
 J - 2 scrolls of teleportation {unknown}
 N - a scroll of fear {unknown}
 P - a scroll of enchant armour {unknown}
Potions
 a - 5 potions of attraction
 f - 4 potions of mutation
 j - 4 potions of berserk rage
 m - 3 potions of ambrosia
 o - 4 potions of haste
 p - 5 potions of flight
 x - 3 potions of curing
 F - 4 potions of brilliance
 L - a potion of lignification {unknown}
 M - 2 potions of resistance {unknown}
 O - 3 potions of invisibility {unknown}


   Skills:
 + Level 10.4 Fighting
 * Level 12.7 Axes
 + Level 10.3 Armour
 + Level 12.2 Shields


You had 11 spell levels left.
You didn't know any spells.
Your spell library contained the following spells:

 Spells                   Type           Power      Damage    Failure   Level
 Magic Dart               Conj           0%         1d3       100%        1
 Slow                     Hex            0%         N/A       100%        1
 Call Imp                 Summ           0%         N/A       100%        2
 Sublimation of Blood     Necr           0%         N/A       100%        2
 Wereblood                Tmut           0%         N/A       100%        2
 Confusing Touch          Hex            0%         N/A       100%        3
 Lesser Beckoning         Tloc           0%         N/A       100%        3
 Mephitic Cloud           Conj/Pois/Air  0%         N/A       100%        3
 Stone Arrow              Conj/Erth      0%         3d7       100%        3
 Vampiric Draining        Necr           0%         2d6       100%        3
 Animate Armour           Summ/Erth      0%         N/A       100%        4
 Blade Hands              Tmut           0%         N/A       100%        5
 Manifold Assault         Tloc           0%         N/A       100%        5
 Yara's Violent Unravell  Hex/Tmut       0%         3d3       100%        5
 Iron Shot                Conj/Erth      0%         9d1       100%        6
 Enfeeble                 Hex            0%         N/A       100%        7
 Storm Form               Tmut/Air       0%         N/A       100%        7
 Summon Hydra             Summ           0%         N/A       100%        7
 Lehudib's Crystal Spear  Conj/Erth      0%         10d2      100%        8
 Blink                    Tloc           Unusable   N/A       N/A         2

Dungeon Overview and Level Annotations

Branches:
Dungeon (11/15)            Temple (0/1) D:4         Ossuary (visited)
   Lair: D:8-11         Orc: D:9-12

Altars:
Ashenzari
Dithmenos
Elyvilon
Kikubaaqudgha
Ru
Trog
Yredelemnul

Shops:
D:1 *

Annotations:
D:5 3 runed translucent doors, Esekla's ghost, weakling OpDe
D:8 exclusion: 4 oklob plants
D:10 1 runed translucent door, Esekla's ghost, journeyman NaCj


Innate Abilities, Weirdness & Mutations

You cannot be hasted, slowed, berserked, paralysed or teleported.
You can dig through walls and to a lower floor.
You have a pair of large antennae on your head. (SInv)
Your four strong arms can wield two-handed weapons with a shield.
[You are very clumsy. (Dex -4)]
[Armour fits poorly on your strangely shaped body.]
[Your body often deteriorates upon taking damage.]
[You are very dopey. (Int -4)]
[You are extremely frail. (-30% HP)]
[Your magical capacity is extremely low. (-30% MP)]
[You are very weak. (Str -4)]
[Potions cannot restore your health.]
[Your spells are much easier to cast, but much less powerful.]
[You sometimes lose the ability to drink potions when taking damage.]
[You sometimes lose the ability to read scrolls when taking damage.]


Message History

The wretched star is moderately damaged.
A quasit comes into view.
You hit the wretched star but do no damage.
The wretched star is moderately damaged.
You barely miss the quasit. The quasit barely misses you.
You block the quasit's attack. The quasit completely misses you.
You block the quasit's attack. x2
The quasit claws you but does no damage.
The wretched star glows turbulently.
The lance of force hits you.
You feel threatened and lose the ability to read scrolls!
* * * LOW HITPOINT WARNING * * *
You are knocked back by the lance of force.
You slam into the rock wall!
* * * LOW HITPOINT WARNING * * *
Your body deteriorates!
You feel dopey.
Okay, then.
Aiming: Quicksilver Bolt
Press: ? - help, Shift-Dir - straight line, f/p - wretched star
Aim: a wretched star (moderately damaged, 71% to hit)
The bolt of dispelling energy hits the wretched star!
The wretched star is heavily damaged.
Aiming: Quicksilver Bolt
Press: ? - help, Shift-Dir - straight line, f - quasit, p - wretched star
Aim: a quasit (46% to hit)
The bolt of dispelling energy misses the quasit.
You hit the wretched star.
The wretched star is heavily damaged.
You closely miss the quasit. The quasit barely misses you.
You block the quasit's attack. x2
You barely miss the wretched star.
The wretched star is heavily damaged.
You barely miss the quasit. You block the quasit's attack. x2
The quasit claws you but does no damage.
The quasit barely misses you. The quasit claws you.
* * * LOW HITPOINT WARNING * * *
The quasit claws you but does no damage.
The wretched star glows turbulently.
The lance of force hits you!
You die...

..## . ..
..## .. ..#
#.. ###. ..#
.. #.# # #..
.#..#. .
#..##..#. #
. #.....# .
.. .
..##..5*## .
.. ..##@#*#
.#
##......##.#
# #.##.####
.# . # . .#
#. . . ..
..# . ..


You could see a wretched star and a quasit.

Vanquished Creatures
  A tentacled starspawn (Abyss:2)
  A very ugly thing (Abyss:3)
  2 two-headed ogres
  A wretched star (Abyss:3)
  Sonja (D:10)
  A shadow demon (Abyss:3)
  A worldbinder (Abyss:3)
  An apocalypse crab (Abyss:2)
  An elephant (D:11)
  A smoke demon (Abyss:2)
  An ancient zyme (Abyss:2)
  2 hellwings (Abyss:2)
  A troll (D:11)
  A hornet (D:8)
  A meliai zombie (D:11)
  5 yaks (D:11)
  4 wraiths
  2 vampires (D:11)
  2 wyverns
  A shadow (Abyss:3)
  A basilisk (D:11)
  3 vampire mosquitoes (D:10)
  A large abomination (Abyss:3)
  A steam dragon (D:10)
  A warg (shapeshifter) (Abyss:2)
  2 water moccasins (D:5)
  A floating eye (D:8)
  A sky beast (D:7)
  2 ice beasts
  3 orc warriors
  2 black bears
  4 centaurs
  6 bullfrogs
  A phantom (D:5)
  A kobold brigand (D:7)
  A necrophage (D:6)
  A gnoll sergeant (D:7)
  4 small abominations
  17 wights
  13 killer bees
  2 howler monkeys
  5 centaur zombies
  A quasit (Abyss:2)
  3 jellies
  2 hounds (D:6)
  5 orc priests
  4 gnoll boudas
  An iron imp (Abyss:3)
  6 orc wizards
  4 mummies (Ossuary)
  6 adders
  42 gnolls
  A shadow imp (D:7)
  2 white imps (Abyss:2)
  A worm (D:3)
  A dart slug (D:1)
  20 orcs
  5 endoplasms
  A giant cockroach (D:4)
  A gnoll zombie (Ossuary)
  5 goblins
  3 hobgoblins
  5 jackals
  2 quokkas
  3 ball pythons
  3 bats
  3 frilled lizards
  2 goblin zombies (Ossuary)
  10 kobolds
  A kobold zombie (Ossuary)
  2 orc zombies (Ossuary)
  2 rats
251 creatures vanquished.

Vanquished Creatures (others)
  A fungus (D:5)
  18 plants
  2 starspawn tentacles (Abyss:2)
  A withered plant (D:11)
22 creatures vanquished.

Grand Total: 273 creatures vanquished

Notes
Turn   | Place    | Note
-------+----------+-------------------------------------------
     0 | D:1      | Zeldest the Formicid Fighter began the quest for the Orb.
     0 | D:1      | Reached XP level 1. HP: 18/18 MP: 1/1
    43 | D:1      | Reached XP level 2. HP: 17/24 MP: 2/2
   616 | D:1      | Found Anucycaf's Assorted Antiques.
   751 | D:2      | Reached XP level 3. HP: 23/29 MP: 3/3
  1227 | D:2      | Reached XP level 4. HP: 14/37 MP: 4/4
  2166 | D:4      | Found a staircase to the Ecumenical Temple.
  2309 | D:4      | Reached XP level 5. HP: 32/42 MP: 5/5
  2686 | D:4      | Reached skill level 5 in Shields
  2906 | D:4      | Found a sacrificial altar of Ru.
  3374 | D:5      | Entered Level 5 of the Dungeon
  3432 | D:5      | Reached XP level 6. HP: 28/48 MP: 6/6
  3630 | D:5      | Noticed a water moccasin
  3638 | D:5      | Killed a water moccasin
  3749 | D:5      | Found an ancient bone altar of Kikubaaqudgha.
  3976 | D:5      | Noticed an ice beast
  3986 | D:5      | Killed an ice beast
  3987 | D:5      | Reached XP level 7. HP: 41/55 MP: 7/7
  4288 | D:4      | Reached skill level 5 in Axes
  4560 | D:5      | Reached skill level 5 in Fighting
  4577 | D:5      | Found a runed translucent gate.
  4577 | D:5      | Found a runed translucent gate.
  4578 | D:5      | Found a runed translucent gate.
  4580 | D:5      | Noticed Esekla's ghost (weakling OpDe)
  4688 | D:5      | Reached skill level 5 in Armour
  5139 | D:6      | Reached XP level 8. HP: 60/62 MP: 8/8
  5221 | D:6      | Found a shadowy altar of Dithmenos.
  6667 | D:6      | Reached XP level 9. HP: 53/66 MP: 9/9
  7511 | D:7      | Found a basalt altar of Yredelemnul.
  7512 | D:7      | Found a broken altar of Ashenzari.
  7512 | D:7      | Found a white marble altar of Elyvilon.
  7667 | D:8      | Identified the +8 rapier of Uliogof {antimagic, rN+ Str+2}
  7725 | D:8      | Found a sand-covered staircase.
  7732 | Ossuary  | Entered an ossuary
  7999 | D:8      | Reached XP level 10. HP: 75/79 MP: 10/10
  8075 | D:8      | Noticed an oklob plant
  8075 | D:8      | Noticed an oklob plant
  8075 | D:8      | Noticed an oklob plant
  8192 | D:8      | Noticed a two-headed ogre
  8199 | D:8      | Killed a two-headed ogre
  8491 | D:8      | Noticed an oklob plant
  9113 | D:9      | Reached skill level 10 in Axes
  9620 | D:10     | Entered Level 10 of the Dungeon
  9663 | D:10     | Reached skill level 10 in Shields
  9667 | D:10     | Reached XP level 11. HP: 81/87 MP: 11/11
  9826 | D:10     | Noticed a two-headed ogre
  9830 | D:10     | You fall into a shaft and drop 1 floor!
  9894 | D:11     | Noticed an elephant
  9907 | D:10     | Noticed Sonja
  9917 | D:10     | Killed Sonja
 10115 | D:10     | Found a bloodstained altar of Trog.
 10131 | D:10     | Killed a two-headed ogre
 10233 | D:10     | Found a runed translucent door.
 10234 | D:10     | Noticed Esekla's ghost (journeyman NaCj)
 10601 | D:11     | Killed an elephant
 10708 | D:11     | Noticed a wizard
 10709 | D:11     | Noticed a deep elf zephyrmancer
 10719 | Abyss:2  | Cast into level 2 of the Abyss (a wizard)
 10767 | Abyss:2  | Reached XP level 12. HP: 95/96 MP: 12/12
 10779 | Abyss:2  | Noticed a thrashing horror
 10887 | Abyss:2  | Noticed a tentacled starspawn
 10902 | Abyss:2  | Killed a tentacled starspawn
 10905 | Abyss:2  | Reached skill level 10 in Fighting
 10927 | Abyss:2  | Reached skill level 10 in Armour
 11049 | Abyss:3  | Noticed a wretched star
 11052 | Abyss:3  | Noticed a cyan very ugly thing
 11057 | Abyss:3  | Noticed a shadow demon
 11067 | Abyss:3  | Killed a shadow demon
 11071 | Abyss:3  | Noticed a deep elf knight
 11074 | Abyss:3  | Killed a wretched star
 11075 | Abyss:3  | Noticed a wretched star
 11077 | Abyss:3  | Killed a cyan very ugly thing
 11078 | Abyss:3  | Noticed a deep elf knight
 11106 | Abyss:3  | Killed from afar by a wretched star

Illustrated notes

Levels and vault maps discovered:
D:1:      lightli_arrival_flooded_house, layout_basic, serial_shops, shop
D:2:      layout_basic
D:3:      layout_basic
D:4:      layout_loops_corners, mainiacjoe_overflow_surrounded_room,
          minmay_temple_entry_statues, hangedman_decor_clover_reticule
D:5:      layout_basic, mainiacjoe_overflow_alcove_2,
          gammafunk_ghost_nasty_kobolds, mrwooster_statue_mirror
D:6:      layout_basic, mainiacjoe_overflow_chevrons
D:7:      layout_cave_pools, gammafunk_temple_overflow_claw
D:8:      layout_loops_ring, nicolae_ossuary_entry_monument, enter_bailey_7,
          disabler_island
D:9:      layout_gridville
D:10:     layout_loops_ring, mainiacjoe_overflow_small_starburst,
          gammafunk_ghost_grave, minmay_rotating_lava, uniq_sonja
D:11:     layout_rooms, david_lair_generic, serial_undead, serial_undead_e,
          serial_undead_d, serial_undead_d, serial_undead_f,
          bh_hangedman_babel_library, uniq_urug
Abyss:3:  base: D:4, serial_sigils_hangedman_shear, evilmike_abyss_exit_vortex,
          nicolae_abyss_rune_left_handed

Skill      XL: |  1  2  3  4  5  6  7  8  9 10 11 12 |
---------------+-------------------------------------+-----
Axes           | 3 4 5 6 8 10 11 12 | 12.7
Fighting       | 4 5 6 7 8 9 10 | 10.4
Armour         | 4 5 6 7 8 9 10 | 10.3
Shields        | 5 6 7 8 10 11 12 | 12.2

Action                   |  1- 3 |  4- 6 |  7- 9 | 10-12 || total
-------------------------+-------+-------+-------+-------++-------
Melee: War axe           |    69 |    29 |       |       ||    98
       Broad axe         |       |    77 |   265 |   527 ||   869
       Battleaxe         |       |       |    30 |       ||    30
Throw: Dart              |       |       |       |     4 ||     4
 Abil: Dig               |       |     1 |     2 |     1 ||     4
Evoke: Wand              |       |     2 |       |    21 ||    23
  Use: Potion            |       |       |     1 |     6 ||     7
       Scroll            |       |       |       |     6 ||     6
 Stab: Paralysed         |       |       |       |     4 ||     4
Armor: Scale mail        |    39 |     5 |       |       ||    44
       Plate armour      |       |    69 |   182 |   369 ||   620
Dodge: Dodged            |    40 |    20 |    61 |    82 ||   203
Block: Buckler           |    14 |     2 |       |       ||    16
       Tower shield      |       |    96 |   263 |   580 ||   939
